Canucks vs MapleLeafs

Created - December 4 2011 at 15:05

Goals
1 2 3 OT1 SO T
Canucks 2 1 0 0 2 4
MapleLeafs 1 2 0 0 0 3
Shots
1 2 3 OT1 SO T
Canucks 13 8 5 3 3 29
MapleLeafs 10 14 12 2 2 38

Period #1

1. MapleLeafs , Evgeni Malkin 13 (Greg Zanon, Kris Versteeg) at 0:41
2. Canucks , Dmitry Kulikov 5 (Fedor Tyutin, Valtteri Filppula) at 7:10
3. Canucks , James van Riemsdyk 9 (Phil Kessel, Corey Perry) at 9:26

Penalties :
Travis Moen (TOR) for Fighting (Major) at 1:54, Corey Perry (VAN) for Fighting (Major) at 1:54, Travis Moen (TOR) for instigated a fight (Game Misconduct) at 1:54, Vincent Lecavalier (TOR) for Holding (Minor) at 2:13, John Mitchell (TOR) for Roughing (Minor) at 4:21, Kris Russell (VAN) for Cross-checking (Minor) at 4:30, Erik Karlsson (VAN) for Hooking (Minor) at 10:26, Drew Doughty (TOR) for Tripping (Minor) at 13:59, Jordin Tootoo (TOR) for High sticking (Minor) at 17:20, Corey Perry (VAN) for Hooking (Minor) at 18:37

Period #2

4. MapleLeafs , Vincent Lecavalier 10 (Drew Doughty, Nick Boynton) at 2:53
5. Canucks , Valtteri Filppula 4 (Fedor Tyutin, Dmitry Kulikov) at 9:58
6. MapleLeafs , Brian Gionta 13 (Patrik Elias) at 16:26 (PP)

Penalties :
Vincent Lecavalier (TOR) for Delaying the game (Minor) at 11:49, Matthew Carle (VAN) for Slashing (Minor) at 14:58

Period #3

No Goal

Penalties :
David Backes (VAN) for Roughing (Minor) at 7:42, Corey Perry (VAN) for Hooking (Minor) at 10:21, Phil Kessel (VAN) for Interference (Minor) at 14:57, Andreas Lilja (TOR) for Roughing (Minor) at 17:38

Overtime #1

No Goal

Penalties :
Matt Greene (TOR) for Hooking (Minor) at 3:40

Shootout

Penalty Shot by Corey Perry for Canucks - Stopped by Ryan Miller
Penalty Shot by Vincent Lecavalier for MapleLeafs - Stopped by Henrik Lundqvist
Penalty Shot by David Backes for Canucks - Goal!
Penalty Shot by Evgeni Malkin for MapleLeafs - Stopped by Henrik Lundqvist
Penalty Shot by Loui Eriksson for Canucks - Goal!

Penalties :
No Penalty

Goalie Stats

Henrik Lundqvist (VAN), 35 saves from 38 shots - (0.921), W, 18-7-2, 65:00 minutes
Ryan Miller (TOR), 26 saves from 29 shots - (0.897), OTL, 9-11-5, 65:00 minutes

Players Stats

Canucks
Player Name              G  A  P  +/- PIM S  H  SB FO    MP 
------------------------------------------------------------
Alex Pietrangelo         0  0  0   0  0   0  1  0  0/0   16 
Brandon Sutter           0  0  0   1  0   2  1  0  13/30 20 
Brooks Laich             0  0  0   0  0   1  0  0  17/27 16 
Corey Perry              0  1  1   0  9   3  2  0  2/2   18 
David Backes             0  0  0   0  2   3  1  0  1/3   16 
Dmitry Kulikov           1  1  2   1  0   3  1  0  0/0   16 
Duncan Keith             0  0  0   0  0   1  1  2  0/0   25 
Erik Karlsson            0  0  0   0  2   1  0  1  0/0   19 
Fedor Tyutin             0  2  2   1  0   0  0  3  0/0   20 
James van Riemsdyk       1  0  1   0  0   5  0  0  1/2   16 
Jannik Hansen            0  0  0   0  0   0  3  0  0/0   12 
Kris Russell             0  0  0   0  4   0  1  0  0/0   13 
Loui Eriksson            0  0  0   0  0   2  1  0  3/3   20 
Matthew Carle            0  0  0   0  2   1  2  5  0/0   20 
Phil Kessel              0  1  1   0  2   3  1  0  8/21  16 
Ryan OReilly             0  0  0   0  0   1  0  0  11/20 12 
Tomas Holmstrom          0  0  0   1  0   0  3  1  0/1   18 
Valtteri Filppula        1  1  2   1  0   3  0  0  2/3   14 
MapleLeafs
Player Name              G  A  P  +/- PIM S  H  SB FO    MP 
------------------------------------------------------------
Adam Hall                0  0  0   1  0   0  0  0  4/10  12 
Andreas Lilja            0  0  0  -3  2   3  1  0  0/0   15 
Brian Gionta             1  0  1   0  0   3  1  0  0/3   23 
Drew Doughty             0  1  1   2  2   4  2  0  0/0   26 
Evgeni Malkin            1  0  1   0  0   4  1  0  2/6   23 
Greg Zanon               0  1  1   1  0   3  0  1  0/0   19 
John Mitchell            0  0  0  -3  2   0  0  0  1/2   16 
Jordin Tootoo            0  0  0  -3  2   4  3  0  0/0   13 
Kris Versteeg            0  1  1   1  0   2  0  0  2/5   17 
Kyle Cumiskey            0  0  0   0  0   2  0  3  0/0   24 
Matt Greene              0  0  0   0  2   1  4  1  0/0   24 
Mike Grier               0  0  0   1  0   0  0  0  0/0   8  
Nick Boynton             0  1  1   1  0   0  2  0  0/0   8  
Patrik Elias             0  1  1   0  0   3  1  0  20/43 24 
Radek Martinek           0  0  0  -3  0   0  0  0  0/0   12 
Travis Moen              0  0  0   0  15  0  1  0  0/1   1  
Vernon Fiddler           0  0  0  -2  0   2  0  0  12/22 15 
Vincent Lecavalier       1  0  1   2  4   7  4  0  13/20 26 

3 Stars

1 - Dmitry Kulikov (VAN)
2 - Valtteri Filppula (VAN)
3 - Fedor Tyutin (VAN)

Power Play

Canucks - 0 on 8 Attempt(s) - 0.00%
MapleLeafs - 1 on 7 Attempt(s) - 14.29%

Penalty Kill

Canucks - 6 on 7 Attempt(s) - 85.71% - Score 0 goal in Penalty Kill
MapleLeafs - 8 on 8 Attempt(s) - 100.00% - Score 0 goal in Penalty Kill

Game Notes

Travis Moen and Corey Perry fight to a draw at 1:54 of 1st period
Travis Moen ejected from game at 1:54 of 1st period

Finance

Level 1 -- Attendance: 5779 (88.91%) -- Ticket Income $473,878.00
Level 2 -- Attendance: 4666 (93.32%) -- Ticket Income $195,972.00
Level 3 -- Attendance: 3500 (100.00%) -- Ticket Income $101,500.00
Level 4 -- Attendance: 2819 (100.00%) -- Ticket Income $39,466.00
Luxury Box -- Attendance: 766 (76.60%) -- Ticket Income $145,540.00
Game was played at the Air Canada Center
Total Attendance: 17530 (93.15%)
Total Ticket Income: $960,239.80
Other Income: $198,640.20
Total Income: $1,158,880.00


Play by Play

Period #1

0:01 of 1st period - Phil Kessel wins face-off versus Evgeni Malkin in neutral zone.
0:37 of 1st period - Shot by Kris Versteeg.
0:37 of 1st period - Shot Misses the Net.
0:41 of 1st period - Shot by Evgeni Malkin.
0:41 of 1st period - Goal by Evgeni Malkin - Canucks : 0 - MapleLeafs : 1.
0:42 of 1st period - Brooks Laich wins face-off versus Travis Moen in neutral zone.
0:47 of 1st period - Shot by Loui Eriksson.
0:47 of 1st period - Stopped by Ryan Miller without a rebound.
0:48 of 1st period - Brandon Sutter wins face-off versus Vernon Fiddler in MapleLeafs zone.
0:53 of 1st period - Shot by Valtteri Filppula.
0:53 of 1st period - Stopped by Ryan Miller without a rebound.
0:54 of 1st period - Patrik Elias wins face-off versus David Backes in MapleLeafs zone.
1:04 of 1st period - Off-side.
1:05 of 1st period - Vernon Fiddler wins face-off versus Brandon Sutter in neutral zone.
1:05 of 1st period - Jordin Tootoo is hit by Brandon Sutter and loses puck.
1:17 of 1st period - John Mitchell is hit by Dmitry Kulikov and loses puck.
1:24 of 1st period - Shot by Andreas Lilja.
1:24 of 1st period - Stopped by Henrik Lundqvist without a rebound.
1:25 of 1st period - Brooks Laich wins face-off versus Patrik Elias in Canucks zone.
1:25 of 1st period - Loui Eriksson is hit by Travis Moen and loses puck.
1:35 of 1st period - Icing by Kyle Cumiskey.
1:36 of 1st period - Phil Kessel wins face-off versus Patrik Elias in MapleLeafs zone.
1:36 of 1st period - Phil Kessel is hit by Matt Greene.
1:42 of 1st period - Shot by Phil Kessel.
1:42 of 1st period - Deflect By James van Riemsdyk.
1:42 of 1st period - Stopped by Ryan Miller with a rebound.
1:46 of 1st period - Shot by Phil Kessel.
1:46 of 1st period - Stopped by Ryan Miller with a rebound.
1:54 of 1st period - Travis Moen and Corey Perry fight to a draw.
1:54 of 1st period - Penalty to Travis Moen for Fighting.
1:54 of 1st period - Penalty to Corey Perry for Fighting.
1:54 of 1st period - Penalty to Travis Moen for instigated a fight.
1:54 of 1st period - Travis Moen is ejected from game.
1:55 of 1st period - Vincent Lecavalier wins face-off versus Tomas Holmstrom in MapleLeafs zone.
2:13 of 1st period - Minor Penalty to Vincent Lecavalier for Holding.
2:14 of 1st period - David Backes wins face-off versus Evgeni Malkin in MapleLeafs zone.
2:35 of 1st period - Shot by Loui Eriksson.
2:35 of 1st period - Deflect By David Backes.
2:35 of 1st period - Stopped by Ryan Miller without a rebound.
2:36 of 1st period - Patrik Elias wins face-off versus Brooks Laich in MapleLeafs zone.
2:53 of 1st period - Shot by Alex Pietrangelo.
2:53 of 1st period - Shot Blocked by Greg Zanon.
2:55 of 1st period - Shot by Brooks Laich.
2:55 of 1st period - Deflect By James van Riemsdyk.
2:55 of 1st period - Stopped by Ryan Miller without a rebound.
2:56 of 1st period - Evgeni Malkin wins face-off versus Phil Kessel in MapleLeafs zone.
3:36 of 1st period - Off-side.
3:37 of 1st period - Brooks Laich wins face-off versus Patrik Elias in neutral zone.
4:02 of 1st period - Shot by Alex Pietrangelo.
4:02 of 1st period - Shot Misses the Net.
4:04 of 1st period - Shot by Brooks Laich.
4:04 of 1st period - Stopped by Ryan Miller without a rebound.
4:05 of 1st period - Phil Kessel wins face-off versus Brian Gionta in MapleLeafs zone.
4:20 of 1st period - Dmitry Kulikov is hit by Jordin Tootoo and loses puck.
4:21 of 1st period - Minor Penalty to John Mitchell for Roughing.
4:22 of 1st period - Ryan OReilly wins face-off versus Adam Hall in MapleLeafs zone.
4:30 of 1st period - Minor Penalty to Kris Russell for Cross-checking.
4:31 of 1st period - Brandon Sutter wins face-off versus Patrik Elias in Canucks zone.
4:31 of 1st period - Brandon Sutter is hit by Vincent Lecavalier.
4:50 of 1st period - Icing by Kyle Cumiskey.
4:51 of 1st period - Patrik Elias wins face-off versus Brandon Sutter in MapleLeafs zone.
5:07 of 1st period - Vincent Lecavalier is hit by Matthew Carle and loses puck.
6:25 of 1st period - Icing by Adam Hall.
6:26 of 1st period - Patrik Elias wins face-off versus Ryan OReilly in MapleLeafs zone.
6:33 of 1st period - Loui Eriksson is hit by Jordin Tootoo.
6:38 of 1st period - Off-side.
6:39 of 1st period - Vernon Fiddler wins face-off versus Brandon Sutter in neutral zone.
7:06 of 1st period - Shot by Valtteri Filppula.
7:06 of 1st period - Shot Misses the Net.
7:10 of 1st period - Shot by Dmitry Kulikov.
7:10 of 1st period - Goal by Dmitry Kulikov - Canucks : 1 - MapleLeafs : 1.
7:11 of 1st period - Loui Eriksson wins face-off versus Adam Hall in neutral zone.
7:41 of 1st period - Loui Eriksson is hit by Nick Boynton and loses puck.
7:44 of 1st period - Shot by Ryan OReilly.
7:44 of 1st period - Stopped by Ryan Miller without a rebound.
7:45 of 1st period - Patrik Elias wins face-off versus Phil Kessel in MapleLeafs zone.
8:11 of 1st period - Shot by Corey Perry.
8:11 of 1st period - Stopped by Ryan Miller without a rebound.
8:12 of 1st period - Brooks Laich wins face-off versus Vernon Fiddler in MapleLeafs zone.
8:12 of 1st period - Duncan Keith is hit by Andreas Lilja and loses puck.
8:21 of 1st period - Shot by Jordin Tootoo.
8:21 of 1st period - Stopped by Henrik Lundqvist without a rebound.
8:22 of 1st period - Brandon Sutter wins face-off versus Vincent Lecavalier in Canucks zone.
8:22 of 1st period - Brandon Sutter is hit by Vincent Lecavalier.
8:48 of 1st period - Shot by Kris Versteeg.
8:48 of 1st period - Shot Blocked by Fedor Tyutin.
8:50 of 1st period - Shot by Kris Versteeg.
8:50 of 1st period - Stopped by Henrik Lundqvist without a rebound.
8:51 of 1st period - Vernon Fiddler wins face-off versus James van Riemsdyk in Canucks zone.
9:00 of 1st period - Shot by Jordin Tootoo.
9:00 of 1st period - Shot Blocked by Matthew Carle.
9:02 of 1st period - Shot by Andreas Lilja.
9:02 of 1st period - Stopped by Henrik Lundqvist without a rebound.
9:03 of 1st period - Patrik Elias wins face-off versus Brooks Laich in Canucks zone.
9:12 of 1st period - Off-side.
9:13 of 1st period - Corey Perry wins face-off versus Vernon Fiddler in neutral zone.
9:16 of 1st period - Shot by Phil Kessel.
9:16 of 1st period - Shot Misses the Net.
9:26 of 1st period - Shot by James van Riemsdyk.
9:26 of 1st period - Goal by James van Riemsdyk - Canucks : 2 - MapleLeafs : 1.
9:27 of 1st period - Brooks Laich wins face-off versus Patrik Elias in neutral zone.
9:35 of 1st period - Brian Gionta is hit by David Backes and loses puck.
9:47 of 1st period - Shot by Matt Greene.
9:47 of 1st period - Deflect By Brian Gionta.
9:47 of 1st period - Shot Misses the Net.
9:54 of 1st period - Vincent Lecavalier is hit by Alex Pietrangelo and loses puck.
10:02 of 1st period - Icing by David Backes.
10:03 of 1st period - Brooks Laich wins face-off versus Vernon Fiddler in Canucks zone.
10:17 of 1st period - Icing by Jordin Tootoo.
10:18 of 1st period - John Mitchell wins face-off versus Phil Kessel in MapleLeafs zone.
10:26 of 1st period - Minor Penalty to Erik Karlsson for Hooking.
10:27 of 1st period - Ryan OReilly wins face-off versus Vincent Lecavalier in Canucks zone.
10:27 of 1st period - Ryan OReilly is hit by Vincent Lecavalier.
10:36 of 1st period - Icing by Vincent Lecavalier.
10:37 of 1st period - Vincent Lecavalier wins face-off versus Brandon Sutter in MapleLeafs zone.
10:52 of 1st period - Shot by Drew Doughty.
10:52 of 1st period - Shot Misses the Net.
10:56 of 1st period - Shot by Drew Doughty.
10:56 of 1st period - Shot Blocked by Matthew Carle.
10:58 of 1st period - Shot by Evgeni Malkin.
10:58 of 1st period - Shot Misses the Net.
11:00 of 1st period - Shot by Greg Zanon.
11:00 of 1st period - Stopped by Henrik Lundqvist with a rebound.
11:42 of 1st period - Shot by Patrik Elias.
11:42 of 1st period - Shot Blocked by Matthew Carle.
11:46 of 1st period - Shot by Kyle Cumiskey.
11:46 of 1st period - Stopped by Henrik Lundqvist without a rebound.
11:47 of 1st period - Ryan OReilly wins face-off versus Patrik Elias in Canucks zone.
11:47 of 1st period - Duncan Keith is hit by Patrik Elias and loses puck.
12:00 of 1st period - Shot by Patrik Elias.
12:00 of 1st period - Shot Blocked by Duncan Keith.
12:36 of 1st period - Shot by Jordin Tootoo.
12:36 of 1st period - Stopped by Henrik Lundqvist without a rebound.
12:37 of 1st period - Brooks Laich wins face-off versus John Mitchell in Canucks zone.
13:55 of 1st period - Dmitry Kulikov is hit by Nick Boynton and loses puck.
13:59 of 1st period - Minor Penalty to Drew Doughty for Tripping.
14:00 of 1st period - Patrik Elias wins face-off versus Phil Kessel in MapleLeafs zone.
14:00 of 1st period - Brian Gionta is hit by Corey Perry and loses puck.
14:54 of 1st period - Shot by James van Riemsdyk.
14:54 of 1st period - Shot Misses the Net.
14:56 of 1st period - Shot by Dmitry Kulikov.
14:56 of 1st period - Stopped by Ryan Miller without a rebound.
14:57 of 1st period - Vincent Lecavalier wins face-off versus Brooks Laich in MapleLeafs zone.
15:31 of 1st period - Icing by Tomas Holmstrom.
15:32 of 1st period - Brooks Laich wins face-off versus Kris Versteeg in Canucks zone.
15:49 of 1st period - Greg Zanon is hit by Corey Perry and loses puck.
15:54 of 1st period - Shot by Erik Karlsson.
15:54 of 1st period - Shot Blocked by Kyle Cumiskey.
15:56 of 1st period - Shot by Corey Perry.
15:56 of 1st period - Stopped by Ryan Miller without a rebound.
15:57 of 1st period - Phil Kessel wins face-off versus Patrik Elias in MapleLeafs zone.
16:33 of 1st period - Icing by Nick Boynton.
16:34 of 1st period - Brandon Sutter wins face-off versus Adam Hall in MapleLeafs zone.
17:19 of 1st period - Off-side.
17:20 of 1st period - Loui Eriksson wins face-off versus Vernon Fiddler in neutral zone.
17:20 of 1st period - Minor Penalty to Jordin Tootoo for High sticking.
17:21 of 1st period - Loui Eriksson wins face-off versus Patrik Elias in MapleLeafs zone.
17:45 of 1st period - Icing by Erik Karlsson.
17:46 of 1st period - Patrik Elias wins face-off versus Phil Kessel in Canucks zone.
17:53 of 1st period - Shot by Brian Gionta.
17:53 of 1st period - Shot Misses the Net.
18:00 of 1st period - Off-side.
18:01 of 1st period - Brooks Laich wins face-off versus Kris Versteeg in neutral zone.
18:37 of 1st period - Minor Penalty to Corey Perry for Hooking.
18:38 of 1st period - Kris Versteeg wins face-off versus Brandon Sutter in Canucks zone.
18:56 of 1st period - Icing by Drew Doughty.
18:57 of 1st period - Kris Versteeg wins face-off versus Brooks Laich in MapleLeafs zone.
19:06 of 1st period - Shot by Evgeni Malkin.
19:06 of 1st period - Stopped by Henrik Lundqvist without a rebound.
19:07 of 1st period - Brandon Sutter wins face-off versus Patrik Elias in Canucks zone.
19:24 of 1st period - Shot by Brian Gionta.
19:24 of 1st period - Shot Misses the Net.
19:26 of 1st period - Shot by Greg Zanon.
19:26 of 1st period - Stopped by Henrik Lundqvist without a rebound.
19:27 of 1st period - Ryan OReilly wins face-off versus Vincent Lecavalier in Canucks zone.
19:33 of 1st period - Icing by Greg Zanon.
19:34 of 1st period - Vincent Lecavalier wins face-off versus Ryan OReilly in MapleLeafs zone.

Period #2

0:01 of 2nd period - Evgeni Malkin wins face-off versus Brandon Sutter in neutral zone.
0:04 of 2nd period - Shot by Drew Doughty.
0:04 of 2nd period - Shot Misses the Net.
0:08 of 2nd period - Shot by Vincent Lecavalier.
0:08 of 2nd period - Shot Misses the Net.
0:10 of 2nd period - Shot by Drew Doughty.
0:10 of 2nd period - Stopped by Henrik Lundqvist without a rebound.
0:11 of 2nd period - Ryan OReilly wins face-off versus Patrik Elias in Canucks zone.
0:41 of 2nd period - Jordin Tootoo is hit by Matthew Carle and loses puck.
1:40 of 2nd period - Shot by Loui Eriksson.
1:40 of 2nd period - Stopped by Ryan Miller without a rebound.
1:41 of 2nd period - Brandon Sutter wins face-off versus Vincent Lecavalier in MapleLeafs zone.
1:41 of 2nd period - Dmitry Kulikov is hit by Drew Doughty and loses puck.
1:58 of 2nd period - Shot by Kris Versteeg.
1:58 of 2nd period - Shot Misses the Net.
2:00 of 2nd period - Shot by Greg Zanon.
2:00 of 2nd period - Stopped by Henrik Lundqvist without a rebound.
2:01 of 2nd period - Patrik Elias wins face-off versus Ryan OReilly in Canucks zone.
2:15 of 2nd period - Shot by Patrik Elias.
2:15 of 2nd period - Shot Misses the Net.
2:17 of 2nd period - Shot by Vincent Lecavalier.
2:17 of 2nd period - Stopped by Henrik Lundqvist with a rebound.
2:21 of 2nd period - Shot by Vincent Lecavalier.
2:21 of 2nd period - Shot Blocked by Duncan Keith.
2:23 of 2nd period - Shot by Matt Greene.
2:23 of 2nd period - Stopped by Henrik Lundqvist without a rebound.
2:24 of 2nd period - Adam Hall wins face-off versus Brandon Sutter in Canucks zone.
2:53 of 2nd period - Shot by Vincent Lecavalier.
2:53 of 2nd period - Goal by Vincent Lecavalier - Canucks : 2 - MapleLeafs : 2.
2:54 of 2nd period - James van Riemsdyk wins face-off versus Evgeni Malkin in neutral zone.
3:02 of 2nd period - Shot by Corey Perry.
3:02 of 2nd period - Deflect By James van Riemsdyk.
3:02 of 2nd period - Shot Blocked by Kyle Cumiskey.
3:04 of 2nd period - Shot by Corey Perry.
3:04 of 2nd period - Stopped by Ryan Miller without a rebound.
3:05 of 2nd period - Brooks Laich wins face-off versus Patrik Elias in MapleLeafs zone.
4:16 of 2nd period - Shot by Vernon Fiddler.
4:16 of 2nd period - Stopped by Henrik Lundqvist without a rebound.
4:17 of 2nd period - Adam Hall wins face-off versus Phil Kessel in Canucks zone.
5:15 of 2nd period - Off-side.
5:16 of 2nd period - Brandon Sutter wins face-off versus Vernon Fiddler in neutral zone.
5:38 of 2nd period - Icing by Radek Martinek.
5:39 of 2nd period - Vernon Fiddler wins face-off versus Ryan OReilly in MapleLeafs zone.
5:39 of 2nd period - Vernon Fiddler is hit by Jannik Hansen.
6:01 of 2nd period - Off-side.
6:02 of 2nd period - Patrik Elias wins face-off versus Brandon Sutter in neutral zone.
6:27 of 2nd period - Shot by Tomas Holmstrom.
6:27 of 2nd period - Deflect By Valtteri Filppula.
6:27 of 2nd period - Shot Misses the Net.
6:43 of 2nd period - Kyle Cumiskey is hit by Tomas Holmstrom and loses puck.
7:08 of 2nd period - Shot by Phil Kessel.
7:08 of 2nd period - Stopped by Ryan Miller without a rebound.
7:09 of 2nd period - Vernon Fiddler wins face-off versus David Backes in MapleLeafs zone.
7:23 of 2nd period - Jordin Tootoo is hit by Duncan Keith and loses puck.
7:35 of 2nd period - Icing by Radek Martinek.
7:36 of 2nd period - Vernon Fiddler wins face-off versus Phil Kessel in MapleLeafs zone.
7:45 of 2nd period - Shot by Jordin Tootoo.
7:45 of 2nd period - Stopped by Henrik Lundqvist without a rebound.
7:46 of 2nd period - Ryan OReilly wins face-off versus Kris Versteeg in Canucks zone.
9:01 of 2nd period - Shot by Brian Gionta.
9:01 of 2nd period - Shot Misses the Net.
9:05 of 2nd period - Shot by Brian Gionta.
9:05 of 2nd period - Stopped by Henrik Lundqvist with a rebound.
9:46 of 2nd period - Icing by Brandon Sutter.
9:47 of 2nd period - Valtteri Filppula wins face-off versus Evgeni Malkin in Canucks zone.
9:58 of 2nd period - Shot by Valtteri Filppula.
9:58 of 2nd period - Goal by Valtteri Filppula - Canucks : 3 - MapleLeafs : 2.
9:59 of 2nd period - Patrik Elias wins face-off versus Brooks Laich in neutral zone.
10:25 of 2nd period - Icing by Alex Pietrangelo.
10:26 of 2nd period - Brooks Laich wins face-off versus Vernon Fiddler in Canucks zone.
10:26 of 2nd period - Brooks Laich is hit by Jordin Tootoo.
10:32 of 2nd period - Shot by David Backes.
10:32 of 2nd period - Shot Misses the Net.
11:08 of 2nd period - Icing by Andreas Lilja.
11:09 of 2nd period - Vernon Fiddler wins face-off versus Brandon Sutter in MapleLeafs zone.
11:30 of 2nd period - Shot by Vincent Lecavalier.
11:30 of 2nd period - Shot Blocked by Fedor Tyutin.
11:32 of 2nd period - Shot by Vincent Lecavalier.
11:32 of 2nd period - Stopped by Henrik Lundqvist with a rebound.
11:40 of 2nd period - Shot by Vincent Lecavalier.
11:40 of 2nd period - Shot Misses the Net.
11:42 of 2nd period - Shot by Vincent Lecavalier.
11:42 of 2nd period - Stopped by Henrik Lundqvist without a rebound.
11:43 of 2nd period - Patrik Elias wins face-off versus Phil Kessel in Canucks zone.
11:44 of 2nd period - Shot by Vincent Lecavalier.
11:44 of 2nd period - Stopped by Henrik Lundqvist without a rebound.
11:45 of 2nd period - Phil Kessel wins face-off versus Patrik Elias in Canucks zone.
11:49 of 2nd period - Minor Penalty to Vincent Lecavalier for Delaying the game.
11:50 of 2nd period - Patrik Elias wins face-off versus Phil Kessel in MapleLeafs zone.
11:59 of 2nd period - Shot by Loui Eriksson.
11:59 of 2nd period - Shot Blocked by Matt Greene.
12:03 of 2nd period - Shot by Corey Perry.
12:03 of 2nd period - Shot Misses the Net.
12:05 of 2nd period - Shot by Duncan Keith.
12:05 of 2nd period - Stopped by Ryan Miller without a rebound.
12:06 of 2nd period - Brooks Laich wins face-off versus Patrik Elias in MapleLeafs zone.
12:13 of 2nd period - Shot by Tomas Holmstrom.
12:13 of 2nd period - Shot Misses the Net.
12:15 of 2nd period - Shot by James van Riemsdyk.
12:15 of 2nd period - Stopped by Ryan Miller without a rebound.
12:16 of 2nd period - Phil Kessel wins face-off versus Patrik Elias in MapleLeafs zone.
12:17 of 2nd period - Shot by Erik Karlsson.
12:17 of 2nd period - Stopped by Ryan Miller without a rebound.
12:18 of 2nd period - Patrik Elias wins face-off versus Phil Kessel in MapleLeafs zone.
12:18 of 2nd period - Drew Doughty is hit by Phil Kessel and loses puck.
12:46 of 2nd period - Icing by Duncan Keith.
12:47 of 2nd period - Phil Kessel wins face-off versus Brian Gionta in Canucks zone.
13:24 of 2nd period - Matt Greene is hit by Tomas Holmstrom and loses puck.
14:08 of 2nd period - Shot by Andreas Lilja.
14:08 of 2nd period - Stopped by Henrik Lundqvist without a rebound.
14:09 of 2nd period - Adam Hall wins face-off versus Brandon Sutter in Canucks zone.
14:37 of 2nd period - Icing by Dmitry Kulikov.
14:38 of 2nd period - Vernon Fiddler wins face-off versus Brandon Sutter in Canucks zone.
14:58 of 2nd period - Minor Penalty to Matthew Carle for Slashing.
14:59 of 2nd period - Ryan OReilly wins face-off versus Patrik Elias in Canucks zone.
15:20 of 2nd period - Shot by Vincent Lecavalier.
15:20 of 2nd period - Shot Misses the Net.
15:24 of 2nd period - Shot by Patrik Elias.
15:24 of 2nd period - Stopped by Henrik Lundqvist without a rebound.
15:25 of 2nd period - Vincent Lecavalier wins face-off versus Brandon Sutter in Canucks zone.
16:24 of 2nd period - Shot by Patrik Elias.
16:24 of 2nd period - Shot Misses the Net.
16:26 of 2nd period - Shot by Brian Gionta.
16:26 of 2nd period - Goal by Brian Gionta - Canucks : 3 - MapleLeafs : 3.
16:27 of 2nd period - Vernon Fiddler wins face-off versus Phil Kessel in neutral zone.
17:32 of 2nd period - Shot by Brian Gionta.
17:32 of 2nd period - Shot Blocked by Erik Karlsson.
18:02 of 2nd period - Icing by Valtteri Filppula.
18:03 of 2nd period - Valtteri Filppula wins face-off versus Adam Hall in Canucks zone.
18:08 of 2nd period - Shot by Brandon Sutter.
18:08 of 2nd period - Stopped by Ryan Miller with a rebound.
18:55 of 2nd period - Icing by Andreas Lilja.
18:56 of 2nd period - Vernon Fiddler wins face-off versus Brooks Laich in MapleLeafs zone.
19:00 of 2nd period - Off-side.
19:01 of 2nd period - Patrik Elias wins face-off versus Ryan OReilly in neutral zone.
19:01 of 2nd period - Patrik Elias is hit by Jannik Hansen.
19:06 of 2nd period - Evgeni Malkin is hit by Kris Russell and loses puck.
19:25 of 2nd period - Shot by Evgeni Malkin.
19:25 of 2nd period - Shot Hit the Post.

Period #3

0:01 of 3rd period - Phil Kessel wins face-off versus Vincent Lecavalier in neutral zone.
0:07 of 3rd period - Icing by Drew Doughty.
0:08 of 3rd period - Vincent Lecavalier wins face-off versus Brooks Laich in MapleLeafs zone.
1:14 of 3rd period - Shot by Brian Gionta.
1:14 of 3rd period - Stopped by Henrik Lundqvist without a rebound.
1:15 of 3rd period - Vernon Fiddler wins face-off versus Valtteri Filppula in Canucks zone.
2:20 of 3rd period - Shot by Brian Gionta.
2:20 of 3rd period - Shot Misses the Net.
2:22 of 3rd period - Shot by Vincent Lecavalier.
2:22 of 3rd period - Stopped by Henrik Lundqvist without a rebound.
2:23 of 3rd period - Vincent Lecavalier wins face-off versus Phil Kessel in Canucks zone.
4:47 of 3rd period - Shot by Valtteri Filppula.
4:47 of 3rd period - Shot Misses the Net.
4:49 of 3rd period - Shot by Brandon Sutter.
4:49 of 3rd period - Shot Misses the Net.
6:44 of 3rd period - Off-side.
6:45 of 3rd period - Patrik Elias wins face-off versus Brandon Sutter in neutral zone.
7:42 of 3rd period - Minor Penalty to David Backes for Roughing.
7:43 of 3rd period - Ryan OReilly wins face-off versus Vernon Fiddler in Canucks zone.
8:02 of 3rd period - Shot by Evgeni Malkin.
8:02 of 3rd period - Shot Hit the Post.
8:04 of 3rd period - Shot by Drew Doughty.
8:04 of 3rd period - Shot Misses the Net.
8:12 of 3rd period - Shot by Vernon Fiddler.
8:12 of 3rd period - Stopped by Henrik Lundqvist without a rebound.
8:13 of 3rd period - Brandon Sutter wins face-off versus Vernon Fiddler in Canucks zone.
8:19 of 3rd period - Icing by Matt Greene.
8:20 of 3rd period - Vernon Fiddler wins face-off versus Brandon Sutter in MapleLeafs zone.
9:29 of 3rd period - Loui Eriksson is hit by Drew Doughty and loses puck.
10:21 of 3rd period - Minor Penalty to Corey Perry for Hooking.
10:22 of 3rd period - Patrik Elias wins face-off versus Ryan OReilly in Canucks zone.
10:25 of 3rd period - Shot by Drew Doughty.
10:25 of 3rd period - Deflect By Evgeni Malkin.
10:25 of 3rd period - Shot Misses the Net.
10:29 of 3rd period - Shot by Evgeni Malkin.
10:29 of 3rd period - Shot Misses the Net.
10:31 of 3rd period - Shot by Patrik Elias.
10:31 of 3rd period - Shot Misses the Net.
10:33 of 3rd period - Shot by Kyle Cumiskey.
10:33 of 3rd period - Shot Misses the Net.
10:37 of 3rd period - Shot by Jordin Tootoo.
10:37 of 3rd period - Stopped by Henrik Lundqvist without a rebound.
10:38 of 3rd period - Brandon Sutter wins face-off versus Patrik Elias in Canucks zone.
10:44 of 3rd period - Icing by Patrik Elias.
10:45 of 3rd period - Brandon Sutter wins face-off versus Patrik Elias in MapleLeafs zone.
10:52 of 3rd period - Shot by Evgeni Malkin.
10:52 of 3rd period - Shot Blocked by Matthew Carle.
10:54 of 3rd period - Shot by Patrik Elias.
10:54 of 3rd period - Shot Misses the Net.
10:56 of 3rd period - Shot by Kyle Cumiskey.
10:56 of 3rd period - Stopped by Henrik Lundqvist without a rebound.
10:57 of 3rd period - Patrik Elias wins face-off versus Ryan OReilly in Canucks zone.
11:40 of 3rd period - Shot by Vincent Lecavalier.
11:40 of 3rd period - Shot Misses the Net.
11:44 of 3rd period - Shot by Evgeni Malkin.
11:44 of 3rd period - Shot Blocked by Matthew Carle.
11:46 of 3rd period - Shot by Drew Doughty.
11:46 of 3rd period - Stopped by Henrik Lundqvist with a rebound.
11:48 of 3rd period - Shot by Drew Doughty.
11:48 of 3rd period - Stopped by Henrik Lundqvist without a rebound.
11:49 of 3rd period - Vincent Lecavalier wins face-off versus Brandon Sutter in Canucks zone.
12:08 of 3rd period - Shot by Drew Doughty.
12:08 of 3rd period - Stopped by Henrik Lundqvist without a rebound.
12:09 of 3rd period - Ryan OReilly wins face-off versus Patrik Elias in Canucks zone.
12:55 of 3rd period - Shot by Phil Kessel.
12:55 of 3rd period - Stopped by Ryan Miller without a rebound.
12:56 of 3rd period - Brandon Sutter wins face-off versus Adam Hall in MapleLeafs zone.
13:15 of 3rd period - Shot by Vincent Lecavalier.
13:15 of 3rd period - Shot Hit the Post.
13:17 of 3rd period - Shot by Drew Doughty.
13:17 of 3rd period - Shot Hit the Post.
13:21 of 3rd period - Shot by Mike Grier.
13:21 of 3rd period - Shot Misses the Net.
13:25 of 3rd period - Shot by Vincent Lecavalier.
13:25 of 3rd period - Shot Hit the Post.
13:29 of 3rd period - Shot by Vincent Lecavalier.
13:29 of 3rd period - Stopped by Henrik Lundqvist without a rebound.
13:30 of 3rd period - Brooks Laich wins face-off versus Patrik Elias in Canucks zone.
13:30 of 3rd period - Brooks Laich is hit by Evgeni Malkin.
13:40 of 3rd period - Shot by David Backes.
13:40 of 3rd period - Stopped by Ryan Miller without a rebound.
13:41 of 3rd period - Ryan OReilly wins face-off versus Patrik Elias in MapleLeafs zone.
13:41 of 3rd period - Ryan OReilly is hit by Matt Greene.
14:24 of 3rd period - Shot by Jordin Tootoo.
14:24 of 3rd period - Shot Misses the Net.
14:27 of 3rd period - Icing by Duncan Keith.
14:28 of 3rd period - Ryan OReilly wins face-off versus Adam Hall in Canucks zone.
14:32 of 3rd period - Icing by Loui Eriksson.
14:33 of 3rd period - Adam Hall wins face-off versus Ryan OReilly in Canucks zone.
14:51 of 3rd period - Nick Boynton is hit by Jannik Hansen and loses puck.
14:57 of 3rd period - Minor Penalty to Phil Kessel for Interference.
14:58 of 3rd period - Brandon Sutter wins face-off versus Vincent Lecavalier in Canucks zone.
15:27 of 3rd period - Shot by Evgeni Malkin.
15:27 of 3rd period - Stopped by Henrik Lundqvist without a rebound.
15:28 of 3rd period - Brandon Sutter wins face-off versus Brian Gionta in Canucks zone.
15:28 of 3rd period - David Backes is hit by Brian Gionta and loses puck.
15:43 of 3rd period - Shot by Patrik Elias.
15:43 of 3rd period - Shot Blocked by Fedor Tyutin.
15:45 of 3rd period - Shot by Kris Versteeg.
15:45 of 3rd period - Stopped by Henrik Lundqvist without a rebound.
15:46 of 3rd period - Patrik Elias wins face-off versus Ryan OReilly in Canucks zone.
17:24 of 3rd period - Shot by Patrik Elias.
17:24 of 3rd period - Stopped by Henrik Lundqvist without a rebound.
17:25 of 3rd period - Brooks Laich wins face-off versus Vernon Fiddler in Canucks zone.
17:38 of 3rd period - Shot by David Backes.
17:38 of 3rd period - Stopped by Ryan Miller without a rebound.
17:38 of 3rd period - Minor Penalty to Andreas Lilja for Roughing.
17:39 of 3rd period - Brooks Laich wins face-off versus Vincent Lecavalier in MapleLeafs zone.
17:42 of 3rd period - Shot by Brooks Laich.
17:42 of 3rd period - Deflect By James van Riemsdyk.
17:42 of 3rd period - Stopped by Ryan Miller without a rebound.
17:43 of 3rd period - Vincent Lecavalier wins face-off versus Brooks Laich in MapleLeafs zone.
17:43 of 3rd period - Vincent Lecavalier is hit by Tomas Holmstrom.
18:13 of 3rd period - Shot by Dmitry Kulikov.
18:13 of 3rd period - Stopped by Ryan Miller without a rebound.
18:14 of 3rd period - Patrik Elias wins face-off versus Phil Kessel in MapleLeafs zone.
18:14 of 3rd period - Patrik Elias is hit by Loui Eriksson.
19:51 of 3rd period - Shot by Phil Kessel.
19:51 of 3rd period - Shot Misses the Net.

Overtime #1

0:01 of 1st overtime period - Vincent Lecavalier wins face-off versus Brandon Sutter in neutral zone.
0:30 of 1st overtime period - Shot by Evgeni Malkin.
0:30 of 1st overtime period - Stopped by Henrik Lundqvist without a rebound.
0:31 of 1st overtime period - Brooks Laich wins face-off versus Patrik Elias in Canucks zone.
0:37 of 1st overtime period - Shot by Brian Gionta.
0:37 of 1st overtime period - Shot Misses the Net.
0:39 of 1st overtime period - Shot by Patrik Elias.
0:39 of 1st overtime period - Shot Blocked by Tomas Holmstrom.
1:21 of 1st overtime period - Tomas Holmstrom is hit by Vincent Lecavalier and loses puck.
2:14 of 1st overtime period - Shot by Matthew Carle.
2:14 of 1st overtime period - Stopped by Ryan Miller without a rebound.
2:15 of 1st overtime period - Vincent Lecavalier wins face-off versus Brooks Laich in MapleLeafs zone.
2:39 of 1st overtime period - Shot by Vincent Lecavalier.
2:39 of 1st overtime period - Shot Misses the Net.
2:46 of 1st overtime period - Icing by Brooks Laich.
2:47 of 1st overtime period - Brooks Laich wins face-off versus Patrik Elias in Canucks zone.
3:00 of 1st overtime period - Shot by Patrik Elias.
3:00 of 1st overtime period - Stopped by Henrik Lundqvist with a rebound.
3:13 of 1st overtime period - Valtteri Filppula is hit by Matt Greene and loses puck.
3:19 of 1st overtime period - Brandon Sutter is hit by Matt Greene and loses puck.
3:22 of 1st overtime period - Shot by Valtteri Filppula.
3:22 of 1st overtime period - Shot Misses the Net.
3:24 of 1st overtime period - Shot by Brandon Sutter.
3:24 of 1st overtime period - Stopped by Ryan Miller with a rebound.
3:31 of 1st overtime period - Icing by Matt Greene.
3:32 of 1st overtime period - Corey Perry wins face-off versus Patrik Elias in MapleLeafs zone.
3:39 of 1st overtime period - Shot by David Backes.
3:39 of 1st overtime period - Shot Blocked by Kyle Cumiskey.
3:40 of 1st overtime period - Minor Penalty to Matt Greene for Hooking.
3:41 of 1st overtime period - Vincent Lecavalier wins face-off versus Brandon Sutter in MapleLeafs zone.
4:07 of 1st overtime period - Shot by Valtteri Filppula.
4:07 of 1st overtime period - Stopped by Ryan Miller without a rebound.
4:08 of 1st overtime period - Vincent Lecavalier wins face-off versus Brooks Laich in MapleLeafs zone.

ShootOut

ShootOut - Penalty Shot by Corey Perry for Canucks.
ShootOut - Stopped by Ryan Miller.
ShootOut - Penalty Shot by Vincent Lecavalier for MapleLeafs.
ShootOut - Stopped by Henrik Lundqvist.
ShootOut - Penalty Shot by David Backes for Canucks.
ShootOut - Goal by David Backes.
ShootOut - Penalty Shot by Evgeni Malkin for MapleLeafs.
ShootOut - Stopped by Henrik Lundqvist.
ShootOut - Penalty Shot by Loui Eriksson for Canucks.
ShootOut - Goal by Loui Eriksson.


Output by the SimonT Hockey Simulator (STHS) for Stephane Roy -- Original Page W3C XHTML 1.0 Valid